 Dungeon Crawl Stone Soup version 0.25.1-9-gc5326a611f (webtiles) character file.

Game seed: 782731979750875559

14 Destapler the Caller (level 2, -3/20 HPs)
             Began as a Hill Orc Summoner on Jan 3, 2021.
             Engulfed by a cloud of flame (11 damage)
             ... on level 1 of the Dungeon.
             The game lasted 00:04:26 (1629 turns).

Destapler the Caller (Hill Orc Summoner)            Turns: 1629, Time: 00:04:26

Health: -3/20      AC:  5    Str: 10    XL:     2   Next: 41%
Magic:  4/4        EV: 10    Int: 15    God:
Gold:   3          SH:  0    Dex: 11    Spells: 3/4 levels left

rFire    + . .     SeeInvis .   g - +0 club
rCold    . . .     Gourm    .   (no shield)
rNeg     . . .     Faith    .   h - +0 ring mail
rPois    .         Spirit   .   (no helmet)
rElec    .         Reflect  .   (no cloak)
rCorr    .         Harm     .   (no gloves)
MR       .....                  (no boots)
Stlth    +.........             (no amulet)
HPRegen  0.06/turn              j - ring of protection from fire
MPRegen  0.09/turn              (no ring)

@: no status effects
A: no striking features
a: no special abilities


You were on level 1 of the Dungeon.
You were hungry.

You visited 1 branch of the dungeon, and saw 1 of its levels.

You collected 3 gold pieces.

Inventory:

Hand Weapons
 g - a +0 club (weapon)
Armour
 a - a +0 robe
 h - a +0 ring mail (worn)
Jewellery
 j - a ring of protection from fire (left hand)
Scrolls
 e - a scroll of immolation {unknown}
 f - 2 scrolls of enchant weapon {unknown}
Potions
 d - a potion of brilliance {unknown}
 i - a potion of curing {unknown}
Comestibles
 b - a chunk of flesh
 c - a ration


   Skills:
 + Level 1.8 Dodging
 + Level 1.9 Stealth
 + Level 1.8 Spellcasting
 + Level 4.1 Summonings


You had 3 spell levels left.
You knew the following spells:

 Your Spells              Type           Power        Failure   Level  Hunger
a - Summon Small Mammal   Summ           ##..         11%         1    ##.....

Your spell library contained the following spells:

 Spells                   Type           Power        Failure   Level  Hunger
 Call Imp                 Summ           ##......     16%         2    ###....
 Call Canine Familiar     Summ           ##......     32%         3    ####...
 Summon Guardian Golem    Hex/Summ       #.......     58%         3    ####...
 Summon Ice Beast         Ice/Summ       #.......     94%         4    #####..
 Summon Lightning Spire   Summ/Air       #.......     94%         4    #####..


Dungeon Overview and Level Annotations

Branches:
Dungeon (1/15)

Altars:


Message History

You see here a bat corpse.
You butcher the bat corpse.
b - 2 chunks of flesh (gained 1)
You see here a bat skeleton.
There is an open door here.
There is an open door here.
There is an open door here.
There is an open door here.
Some of the chunks of flesh in your inventory have rotted away.
Partly explored, can't reach some items and places.
Really walk into a travel-excluded area?
Really walk into that cloud of flame?
Okay, then.
You are feeling hungry.
You are engulfed in blazing flames.
You resist.
Ouch! That really hurt!
* * * LOW HITPOINT WARNING * * *
You are engulfed in blazing flames.
You resist.
Ouch! That really hurt!
You die...

.############### #.........#
...............# #.........#
#####..........# #.........######
#.........## ##...#####......
#.........# #°☼§# #......
#####.........# #§§°# #......
..............# #○§○# #......
.....#........#####...#####......
.....#.........°@○.$.!.○§§.......
.....#.........§§☼...$.○§☼.......
.....#.........§§○.[.(.§☼○.......
.....#........#####...#####......
.....########## #°○§# #......
)....# #§§§# #...... .....#######
#§.○# #...... ...........#
#####...######'#'#'
#..........####............###.#.


There were no monsters in sight!

Vanquished Creatures
  A dart slug (D:1)
  A hobgoblin (D:1)
  A bat (D:1)
  2 frilled lizards (D:1)
  2 rats (D:1)
7 creatures vanquished.

Vanquished Creatures (collateral kills)
  A leopard gecko (D:1)
  A giant cockroach (D:1)
  A goblin (D:1)
  3 hobgoblins (D:1)
  A bat (D:1)
7 creatures vanquished.

Grand Total: 14 creatures vanquished

Notes
Turn   | Place    | Note
-------+----------+-------------------------------------------
     0 | D:1      | Destapler the Hill Orc Summoner began the quest for the
                  | Orb.
     0 | D:1      | Reached XP level 1. HP: 14/14 MP: 3/3
  1024 | D:1      | Reached XP level 2. HP: 17/20 MP: 1/4
  1629 | D:1      | Engulfed by a cloud of flame

Illustrated notes

Levels and vault maps discovered:
D:1:      scummos_arrival_forest, layout_basic, lemuel_flame_loot_1

Action                   || total
-------------------------++-------
Melee: Unarmed           ||    15
       Club              ||    27
 Cast: Summon Small Mamm ||    14
 Stab: Sleeping          ||     1
  Eat: Chunk             ||     2
Armor: Robe              ||    10
       Ring mail         ||    13
Dodge: Dodged            ||    22
